 Dungeon Crawl Stone Soup version 0.31-a0-233-g139696dc86 (webtiles) character file.

Game seed: 5935999513781158923

54 qw the Shooter (level 3, -1/29 HPs)
             Began as a Minotaur Hexslinger on July 9, 2023.
             Succumbed to an orc's poison
             ... on level 3 of the Dungeon.
             The game lasted 00:00:32 (1777 turns).

qw the Shooter (Minotaur Hexslinger)                Turns: 1777, Time: 00:00:32

Health: -1/29      AC:  6    Str: 12    XL:     3   Next: 66%
Magic:  3/3        EV: 11    Int: 10    God:
Gold:   119        SH:  0    Dex: 14    Spells: 3/4 levels left

rFire   . . .        Y - +1 sling
rCold   . . .        (no shield)
rNeg    . . .        a - +0 ring mail
rPois   .            (helmet restricted)
rElec   .            (no cloak)
rCorr   .            (no gloves)
SInv    .            i - +0 pair of boots
Will    .....        (no amulet)
Stlth   +            (no ring)
HPRegen 0.24/turn    (no ring)
MPRegen 0.08/turn

%: no passive effects
@: lethally poisoned (-1 -> -21)
A: horns 2, retaliatory headbutt
a: no special abilities


You were on level 3 of the Dungeon.
You visited 1 branch of the dungeon, and saw 3 of its levels.

You collected 119 gold pieces.


Innate Abilities, Weirdness & Mutations

You have a pair of horns on your head.
You reflexively headbutt those who attack you in melee.


   Skills:
 - Level 2.0 Fighting
 - Level 4.1 Ranged Weapons
 + Level 0.5 Armour
 - Level 2.1 Dodging
 - Level 1.0 Spellcasting
 - Level 2.0 Hexes


You had 3 spell levels left.
You knew the following spells:

 Your Spells              Type           Power      Damage    Failure   Level
a - Slow                  Hex            16%        N/A       34%         1

Your spell library contained the following spells:

 Spells                   Type           Power      Damage    Failure   Level
 Inner Flame              Hex/Fire       2%         N/A       83%         3
 Portal Projectile        Hex/Tloc       4%         N/A       83%         3
 Cause Fear               Hex            2%         N/A       98%         4

Inventory:

Hand Weapons
 Y - a +1 sling (weapon)
Armour
 a - a +0 ring mail (worn)
 i - a +0 pair of boots (worn)
Scrolls
 g - a scroll of identify
Potions
 b - a potion of brilliance {unknown}
 f - a potion of might

Dungeon Overview and Level Annotations

Branches:
Dungeon (3/15)

Altars:

Shops:
D:1 (


Message History

The sling bullet closely misses the orc wizard.
The orc wizard completely misses you.
You shoot a sling bullet.
The sling bullet hits the orc wizard but does no damage.
The orc wizard is moderately wounded.
The orc wizard hits you with a +0 dagger.
You shoot a sling bullet.
The sling bullet barely misses the orc wizard.
The orc wizard gestures at you while chanting.
The magic dart hits you.
An orc comes into view. It is wielding a +0 flail.
The orc wizard closely misses you.
The orc hits you with a +0 hand axe of venom.
You are poisoned.
An orc wizard comes into view. It is wielding a +1 dagger of draining.
You shoot a sling bullet. The sling bullet hits the orc wizard.
The orc wizard is moderately wounded.
You feel very sick. The orc wizard misses you.
The orc hits you with a +0 hand axe of venom.
You are more poisoned.
You shoot a sling bullet.
The sling bullet closely misses the orc wizard.
You feel very sick. The orc wizard barely misses you.
The orc hits you but does no damage.
You are lethally poisoned!
You shoot a sling bullet.
The sling bullet closely misses the orc wizard.
You feel very sick. The orc wizard closely misses you. You furiously retaliate!
You headbutt the orc wizard! You shoot a sling bullet.
The sling bullet barely misses the orc wizard.
You feel very sick.
The orc wizard hits you but does no damage.
The orc hits you but does no damage.
You are more poisoned.
You shoot a sling bullet. The sling bullet hits the orc wizard.
You kill the orc wizard!
You die...

........%.#
)......<#.#
#......##.####
######. #....#
#. ####[# ..
#.# .. #.##
.>. #..## ###
##@.#
#oo)o.......
#####.######
.# .. ... ...
####


You could see an orc wizard and 2 orcs.

Vanquished Creatures
  An orc wizard (D:3)
  An adder (D:2)
  A dart slug (D:2)
  5 ball pythons
  2 endoplasms
  A giant cockroach (D:2)
  3 goblins
  7 hobgoblins
  3 jackals (D:2)
  5 kobolds (D:2)
  A quokka (D:1)
  2 bats (D:2)
  4 frilled lizards
  2 rats
38 creatures vanquished.

Notes
Turn   | Place    | Note
-------+----------+-------------------------------------------
     0 | D:1      | qw the Minotaur Hexslinger began the quest for the Orb.
     0 | D:1      | Reached XP level 1. HP: 16/16 MP: 1/1
     0 | D:1      | 0 ||| qw: Version: 0.3-a-51-g015441d
     0 | D:1      | 0 ||| qw: Game counter: 3793
     0 | D:1      | 0 ||| qw: Melee chars always use a shield: true
     0 | D:1      | 0 ||| qw: God list: Okawaru
     0 | D:1      | 0 ||| qw: Allow faded altars: false
     0 | D:1      | 0 ||| qw: Do Orc after clearing Dungeon:15 true
     0 | D:1      | 0 ||| qw: Do second Lair branch before Depths: true
     0 | D:1      | 0 ||| qw: Lair rune preference: random
     0 | D:1      | 0 ||| qw: Goals: Normal
     0 | D:1      | 0 ||| PLANNING D:1-11
   166 | D:1      | Found Joecram's Antique Weapon Shoppe.
   171 | D:1      | 171 ||| SHOPLISTING shortbow (60 gold, have 27).
   209 | D:1      | Reached skill level 3 in Ranged Weapons
   209 | D:1      | Reached XP level 2. HP: 15/23 MP: 2/2
   811 | D:1      | 811 ||| UPGRADING to +0 pair of boots.
   816 | D:1      | 816 ||| READING scroll labelled ENAMIREGRA.
   819 | D:1      | 819 ||| READING scroll labelled HIVYLU DIVU.
   820 | D:1      | 820 ||| READING scroll labelled OPUCVUAVYH.
   821 | D:1      | 821 ||| READING scroll labelled ANTURU QOANU.
   822 | D:1      | 822 ||| DROPPING scroll of poison.
  1209 | D:2      | Reached XP level 3. HP: 29/29 MP: 3/3
  1406 | D:2      | Reached skill level 4 in Ranged Weapons
  1675 | D:2      | 1675 ||| UPGRADING to +0 ring mail.
  1685 | D:2      | 1685 ||| DROPPING +0 robe.
  1686 | D:2      | 1686 ||| READING scroll labelled NUORE RASED.
  1687 | D:2      | 1687 ||| READING scroll labelled BEIRIVODGHOSEA.
  1688 | D:2      | 1688 ||| READING scroll labelled MESOCU BOTEO.
  1689 | D:2      | 1689 ||| DRINKING 2 glowing green potions.
  1744 | D:3      | 1744 ||| PLANNING SEWER
  1776 | D:3      | HP: 5/29 [poisoned by an orc]
  1777 | D:3      | Succumbed to an orc's poison

Levels and vault maps discovered:
D:1:      nicolae_arrival_memento_mori, layout_basic, serial_shops, shop
D:2:      layout_loops_corners
D:3:      layout_rooms, gammafunk_ghost_necromancy, gup_sewer_entry_glass

Skill      XL: |  1  2  3 |
---------------+----------+-----
Ranged Weapons | 3 4 |  4.1
Fighting       | 2 |  2.0
Armour         | |  0.5
Dodging        | |  2.1
Spellcasting   | |  1.0
Hexes          | |  2.0

Action                     || total
---------------------------++-------
   Fire: Sling             ||   121
    Use: Scroll            ||     7
         Potion            ||     1
 Armour: Robe              ||    10
         Ring mail         ||     3
  Dodge: Dodged            ||    36

Table legend:
 A = Non-vault XP
 B = Vault XP
 C = Vault XP percentage of total XP
 D = Non-vault monster count
 E = Vault monster count
 F = Vault count percentage of total count
                 A         B        C        D         E       F
            +---------+---------+-------+---------+---------+-------
      Total |     115 |       0 |   0.0 |      38 |       0 |   0.0
            +---------+---------+-------+---------+---------+-------
        D:1 |      20 |       0 |   0.0 |      12 |       0 |   0.0
        D:2 |      52 |       0 |   0.0 |      22 |       0 |   0.0
        D:3 |      43 |       0 |   0.0 |       4 |       0 |   0.0
            +---------+---------+-------+---------+---------+-------
